 Dungeon Crawl Stone Soup version 0.32-a0-666-ge8a88695a4 (webtiles) character file.

Game seed: 4916254073351366084

2767 Aldia the Fighter (level 9, -2/97 HPs)
             Began as an Oni Warper on Mar 9, 2024.
             Was an Initiate of Gozag.
             Killed from afar by an acid dragon (33 damage)
             ... with a splash of acid
             ... on level 7 of the Dungeon.
             The game lasted 00:12:38 (6472 turns).

Aldia the Fighter (Oni Warper)                      Turns: 6472, Time: 00:12:38

Health: -2/97      AC:  4    Str: 17    XL:     9   Next: 69%
Magic:  22/25      EV:  8    Int: 18    God:    Gozag
Gold:   461        SH:  0    Dex:  8    Spells: 12/18 levels left

rFire   . . .        n - +0 whip (drain)
rCold   . . .        (no shield)
rNeg    . . .        z - +0 swamp dragon scales
rPois   +            (helmet restricted)
rElec   .            (no cloak)
rCorr   .            (gloves unavailable)
SInv    .            (boots unavailable)
Will    .....        o - amulet of regeneration Stlth
                     v - ring of magical power
HPRegen 1.16/turn    (no ring)
MPRegen 0.19/turn

%: no passive effects
@: corroded, on blink cooldown
A: large, unfitting armour, horns 1, tough skin 1, double potion healing,
drunken brawling
a: Renounce Religion, Potion Petition, Call Merchant, Bribe Branch


You were on level 7 of the Dungeon.
You worshipped Gozag.
Gozag was aware of your devotion.
You visited 1 branch of the dungeon, and saw 7 of its levels.

You collected 533 gold pieces.
You paid 72 gold pieces to Gozag.

Inventory:

Hand Weapons
 a - a +0 mace
 n - a +0 whip of draining (weapon)
 q - a +0 giant club
 x - a +4 flail
Missiles
 d - 7 darts of dispersal (quivered)
 f - 2 curare-tipped darts
 t - 2 poisoned darts
 u - 3 throwing nets
Armour
 y - a +2 robe of willpower
 z - +0 swamp dragon scales (worn)
Jewellery
 o - an amulet of regeneration (around neck)
 v - a ring of magical power (left hand)
Wands
 l - a wand of flame (23)
 r - a wand of roots (5)
Scrolls
 c - 4 scrolls of blinking
 g - 2 scrolls of teleportation
 h - 2 scrolls of fog
 k - a scroll of immolation {unknown}
 m - a scroll of revelation {unknown}
 p - a scroll of torment {unknown}
 s - a scroll of noise {unknown}
 A - a scroll of summoning {unknown}
Potions
 b - a potion of mutation
 e - a potion of attraction
 i - a potion of berserk rage {unknown}
 j - 2 potions of heal wounds
 w - 2 potions of brilliance {unknown}


   Skills:
 + Level 8.7 Fighting
 - Level 5.3 Maces & Flails
 - Level 1.0 Throwing
 + Level 2.4 Armour
 - Level 2.1 Dodging
 - Level 5.0 Spellcasting
 - Level 4.0 Translocations
 * Level 7.4 Alchemy


You had 12 spell levels left.
You knew the following spells:

 Your Spells              Type           Power      Damage    Failure   Level
a - Blink                 Tloc           36%        N/A       7%          2
b - Olgreb's Toxic Radia  Alch           31%        N/A       11%         4

Your spell library contained the following spells:

 Spells                   Type           Power      Damage    Failure   Level
 Sting                    Conj/Alch      68%        1d7       5%          1
 Lesser Beckoning         Tloc           36%        N/A       7%          2
 Mercury Vapours          Alch/Air       34%        N/A       8%          2
 Teleport Other           Tloc           18%        N/A       14%         3
 Magic Dart               Conj           16%        1d3       24%         1
 Call Imp                 Summ           8%         N/A       34%         2
 Manifold Assault         Tloc           18%        N/A       41%         4
 Vhi's Electric Charge    Tloc/Air       22%        N/A       71%         4
 Animate Armour           Summ/Erth      8%         N/A       93%         4
 Summon Lightning Spire   Summ/Air       4%         N/A       93%         4
 Lee's Rapid Deconstruct  Erth           2%         3d4*      100%        5


Dungeon Overview and Level Annotations

Branches:
Dungeon (7/15)
 Temple: D:4-7

Altars:
Ashenzari
Cheibriados
Fedhas
Gozag
Makhleb
Ru
Sif Muna
Zin

Shops:
D:7 !


Innate Abilities, Weirdness & Mutations

You are too large for most types of armour.
You have a pair of small horns on your head.
You have tough skin. (AC +1)
You gain doubled healing and magic from potions.
Whenever you drink a healing potion, you attack all around you.


Message History

The acid dragon spits acid at you. The splash of acid hits you!
You hit the acid dragon. Your headbutt misses the acid dragon.
The acid dragon is lightly wounded.
The acid dragon bites you. The acid dragon claws you.
You hit the acid dragon. Your headbutt misses the acid dragon.
The acid dragon is lightly wounded.
You closely miss the acid dragon. Your headbutt misses the acid dragon.
The acid dragon is lightly wounded.
The acid dragon bites you.
The acid dragon claws you but does no damage.
You barely miss the acid dragon.
The acid dragon is lightly wounded.
The acid dragon bites you!
The acid dragon claws you but does no damage.
You hit the acid dragon but do no damage.
The acid dragon is lightly wounded.
The acid dragon spits acid at you. The splash of acid hits you!!
The acid corrodes you!
You hit the acid dragon but do no damage.
You drain the acid dragon.
The acid dragon is lightly wounded.
The acid dragon bites you but does no damage.
The acid dragon claws you.
* * * LOW HITPOINT WARNING * * *
Okay, then.
Casting: Olgreb's Toxic Radiance (dangerous; 11% risk of failure)
Confirm with . or Enter, or press ? or * to list all spells.
You blink.
Unknown command.
Aiming: Fastroot
Press: ? - help, Shift-Dir - straight line, f - acid dragon
Aim: an acid dragon (lightly wounded, lightly drained)
The roots erupt in riotous growth!
Roots grab the acid dragon.
The grasping roots constrict the acid dragon.
The acid dragon spits acid at you. The splash of acid hits you!!
You die...
Your body crumbles into a pile of gold.

... #......###. #...#
#########......###. #....
###.......##..........
#.#...#.....?....######'#####
#.#?.............# ##.#
#.#....#...#..... ###..# ##
#<# #..$#.#....# #...## #.
#.D...Y.#....∩.....# ##.###
#. #...)...#...#.#.@..# #..#
#. #...(..##..#...#...####.##
## #......##..........+.##.#
#.^..W.##.......D..#.##'####
#......##....##...##.#.....#
#.#######.... #..$§..#..>..#
#.... #...#..#.....# #....
#...#....##### #####
#...#.>###


You could see an acid dragon (catching breath, rooted, drained).

Vanquished Creatures
  Maggie (D:6)
  Prince Ribbit (D:7)
  Edmund (D:6)
  Duvessa (D:6)
  An orc warrior (D:6)
  A black bear (D:5)
  An ice beast (D:6)
  3 ogres
  Blork the orc (D:4)
  4 bullfrogs
  2 scorpions (D:5)
  Dowan (D:6)
  A howler monkey (D:6)
  7 hounds
  A jelly (D:4)
  3 orc priests
  2 gnoll boudas
  5 iguanas
  2 sleepcaps
  Natasha (thrice) (D:4)
  3 orc wizards
  13 gnolls
  9 adders
  A shadow imp (D:7)
  2 white imps
  2 dart slugs
  17 orcs
  3 endoplasms
  A giant cockroach (D:4)
  7 goblins
  8 hobgoblins
  5 kobolds
  5 quokkas
  7 ball pythons
  3 bats
  4 rats
132 creatures vanquished.

Notes
Turn   | Place    | Note
-------+----------+-------------------------------------------
     0 | D:1      | Aldia the Oni Warper began the quest for the Orb.
     0 | D:1      | Reached XP level 1. HP: 22/22 MP: 3/3
   136 | D:1      | Reached skill level 3 in Fighting
   136 | D:1      | Reached XP level 2. HP: 31/31 MP: 5/5
   139 | D:1      | Learned a level 2 spell: Blink
   621 | D:1      | Reached XP level 3. HP: 37/37 MP: 6/6
  2183 | D:3      | Reached XP level 4. HP: 41/48 MP: 7/7
  2505 | D:3      | Reached skill level 4 in Fighting
  2948 | D:4      | Noticed an ogre
  2991 | D:4      | Learned a level 4 spell: Olgreb's Toxic Radiance
  3023 | D:4      | Reached XP level 5. HP: 40/54 MP: 7/9
  3085 | D:4      | Reached skill level 1 in Alchemy
  3151 | D:4      | Killed an ogre
  3152 | D:4      | Reached XP level 6. HP: 30/63 MP: 10/10
  3446 | D:4      | Noticed Natasha
  3464 | D:4      | Killed Natasha
  3497 | D:4      | Reached skill level 5 in Fighting
  3629 | D:4      | Noticed Natasha
  3641 | D:4      | Killed Natasha
  3666 | D:4      | Noticed Natasha
  3674 | D:4      | Killed Natasha
  3721 | D:4      | Reached XP level 7. HP: 56/72 MP: 12/12
  3930 | D:4      | Noticed Blork the orc
  3940 | D:4      | Killed Blork the orc
  4210 | D:5      | Entered Level 5 of the Dungeon
  4223 | D:5      | Found a broken altar of Ashenzari.
  4224 | D:5      | Found a burning altar of Makhleb.
  4225 | D:5      | Found a glowing silver altar of Zin.
  4225 | D:5      | Found a blossoming altar of Fedhas.
  4225 | D:5      | Found a sacrificial altar of Ru.
  4225 | D:5      | Found a shimmering blue altar of Sif Muna.
  4225 | D:5      | Found a snail-covered altar of Cheibriados.
  4226 | D:5      | Found an opulent altar of Gozag.
  4304 | D:5      | Reached skill level 5 in Maces & Flails
  4377 | D:5      | Reached skill level 6 in Fighting
  4377 | D:5      | Reached XP level 8. HP: 53/83 MP: 14/14
  4946 | D:5      | Became a worshipper of Gozag Ym Sagoz the Greedy
  5096 | D:6      | Noticed Dowan
  5096 | D:6      | Noticed Duvessa
  5126 | D:6      | Killed Duvessa
  5127 | D:6      | Reached skill level 5 in Spellcasting
  5127 | D:6      | Reached skill level 5 in Alchemy
  5135 | D:6      | Killed Dowan
  5386 | D:6      | Reached skill level 7 in Fighting
  5447 | D:6      | Noticed Maggie
  5487 | D:6      | Killed Maggie
  5488 | D:6      | Reached XP level 9. HP: 36/94 MP: 16/16
  5565 | D:6      | Noticed Edmund
  5573 | D:6      | Killed Edmund
  5580 | D:6      | Reached skill level 8 in Fighting
  5660 | D:6      | Reached skill level 1 in Armour
  6352 | D:7      | Noticed Prince Ribbit
  6371 | D:7      | Killed Prince Ribbit
  6439 | D:7      | Found Pojoussa's Distillery.
  6472 | D:7      | Killed from afar by an acid dragon

Illustrated notes

Levels and vault maps discovered:
D:1:      dpeg_arrival_tiny_k, layout_basic
D:2:      layout_basic
D:3:      layout_loops_cross
D:4:      layout_loops_corners, uniq_blork_the_orc, uniq_natasha
D:5:      layout_rooms, grunt_temple_overflow_open, dreamdust_gnoll_farm
D:6:      layout_basic, kennysheep_generic_room_14, uniq_edmund, uniq_maggie,
          uniq_duvessa
D:7:      corexii_shack_village, layout_basic, minmay_temple_entry_proselytizer,
          serial_shops, nicolae_shop_advertising_works
          [nicolae_subvault_shop_adworks], uniq_prince_ribbit1

Skill      XL: |  1  2  3  4  5  6  7  8  9 |
---------------+----------------------------+-----
Fighting       | 3 4 5 6 7 8 |  8.7
Maces & Flails | 3 4 5 |  5.3
Translocations | 3 4 |  4.0
Alchemy        | 1 2 4 6 7 |  7.4
Spellcasting   | 3 4 5 |  5.0
Armour         | 2 |  2.4
Throwing       | |  1.0
Dodging        | |  2.1

Action                     |  1- 3 |  4- 6 |  7- 9 || total
---------------------------+-------+-------+-------++-------
  Melee: Mace              |    98 |     6 |       ||   104
         Headbutt          |    13 |    21 |    78 ||   112
         Whip              |       |   114 |   382 ||   496
   Cast: Blink             |       |     1 |     2 ||     3
         Olgreb's Toxic Ra |       |       |     8 ||     8
  Evoke: Wand              |       |       |     1 ||     1
    Use: Scroll            |     3 |     3 |     1 ||     7
         Potion            |       |       |     1 ||     1
   Stab: Sleeping          |       |     1 |       ||     1
 Armour: Robe              |    81 |    80 |   199 ||   360
         Swamp dragon scal |       |       |   102 ||   102
  Dodge: Dodged            |    54 |    40 |   124 ||   218

Table legend: (Time is in decaauts)
 A = Elapsed time spent in this place.
 B = Non-inter-level travel time spent in this place.
 C = Inter-level travel time spent in this place.
 D = Time resting spent in this place.
 E = Time spent auto-exploring this place.
 F = Levels seen in this place.
 G = Mean time per level.
                   A        B        C        D        E       F      G
               +--------+--------+--------+--------+--------+-----+--------+
         Total |   6426 |   6070 |    356 |     14 |   4821 |   7 |  918.0 |
       Dungeon |   6426 |   6070 |    356 |     14 |   4821 |   7 |  918.0 |
               +--------+--------+--------+--------+--------+-----+--------+

Top non-repeatable levels by time:
     D:2: 1189 daAuts
     D:4: 1173 daAuts
     D:6: 1118 daAuts
     D:1: 995 daAuts
     D:3: 863 daAuts
     D:5: 728 daAuts
     D:7: 357 daAuts
